 Dungeon Crawl Stone Soup version 0.17.1-3-g152610e (webtiles) character file.

88 inmateoo the Poker (level 4, 0/30 HPs)
             Began as an Octopode Gladiator on Feb 21, 2016.
             Shot with a stone by a goblin (6 damage)
             ... on level 2 of the Dungeon.
             The game lasted 00:02:40 (1855 turns).

inmateoo the Poker (Octopode Gladiator)             Turns: 1855, Time: 00:02:40

Health: 0/30       AC:  2    Str: 14    XL:     4   Next: 53%
Magic:  5/5        EV: 13    Int: 10    God:
Gold:   88         SH:  0    Dex: 13    Spells: 0 memorised, 5 levels left

rFire  . . .     SeeInvis .     a - +0 trident
rCold  . . .     Clarity  .     (no shield)
rNeg   . . .     SustAt   .     b - +1 hat
rPois  .         Gourm    .     (no amulet)
rElec  .         Spirit   .     (no ring)
rCorr  .         Warding  .     (no ring)
rMut   .         Stasis   .     (no ring)
MR     .....                    (no ring)
Stlth  +++.......               (no ring)
                                (no ring)
                                (no ring)
                                (no ring)

@: not resistant to hostile enchantments, fairly stealthy
A: almost no armour, amphibious, 8 rings, constrict 8, camouflage 1, gelatinous
body 1
a: no special abilities


You were on level 2 of the Dungeon.
You were not hungry.

You visited 1 branch of the dungeon, and saw 2 of its levels.

You collected 88 gold pieces.

Inventory:

Hand Weapons
 a - a +0 trident (weapon)
 k - a +1 short sword of electrocution
Missiles
 c - 3 throwing nets (quivered)
Armour
 b - a +1 hat (worn)
Scrolls
 i - a scroll of teleportation
 m - a scroll of remove curse
Potions
 e - a potion of brilliance {unknown}
 g - a potion of might {unknown}
 h - a potion of cancellation {unknown}
 j - 3 potions of lignification {unknown}
 l - 4 potions of curing {unknown}
Comestibles
 d - 2 bread rations
 f - a beef jerky
 n - 2 fruits


   Skills:
 + Level 2.5 Fighting
 * Level 4.0 Polearms
 - Level 2.0 Throwing
 + Level 3.7 Dodging
 + Level 1.1 Spellcasting


You had 5 spell levels left.
You didn't know any spells.

Dungeon Overview and Level Annotations

Branches:
Dungeon (2/15)

Altars:


Innate Abilities, Weirdness & Mutations

You cannot wear most types of armour.
You are amphibious.
You can wear up to eight rings at the same time.
You can use your tentacles to constrict eight enemies at once.
Your skin changes colour to match your surroundings (Stealth).
Your rubbery body absorbs attacks (AC +1).


Message History

Attack whom?
Press: ? - help, Dir - move target cursor, f - jackal, p - goblin
Aim: a jackal You reach to attack!
You miss the jackal.
The goblin shoots a stone.
The stone hits you!
You hear a splash.
You see here a stone.
The goblin shoots a stone.
The stone hits you.
* * * LOW HITPOINT WARNING * * *
You hear a splash.
You see here a stone.
You are too injured to fight recklessly!
Attack whom?
Press: ? - help, Dir - move target cursor, f - goblin, p - jackal
Aim: a goblin, wielding a hunting sling You reach to attack!
You hit the goblin but do no damage.
The goblin shoots a stone.
The stone hits you.
* * * LOW HITPOINT WARNING * * *
The goblin shoots a stone.
The stone hits you.
You die...

.. #.# #.# #. #)# #.# #.
#.#######.###### #.
#.(...........). ######.
#############.##
≈≈≈≈≈≈≈## #.# ≈≈≈≈≈≈≈≈##
##.## .....g≈≈≈# ##...#
....g.h≈@###########.....
#####..≈(...(.>..........
#..≈≈#.(######.......
+..≈(≈#.# ##......
#..≈≈(#.# ##..)..
#####≈(.# ##...# #≈≈.#
##.## +...# ### +.(.#


You could see a jackal and 2 goblins.

Vanquished Creatures
  Natasha (D:2)
  2 adders (D:2)
  A worm (D:2)
  2 giant geckos (D:1)
  6 bats
  3 giant cockroaches (D:2)
  5 goblins
  4 hobgoblins
  A jackal (D:2)
  6 kobolds
  A ball python (D:2)
  2 giant newts
  6 rats
40 creatures vanquished.

Notes
Turn   | Place    | Note
--------------------------------------------------------------
     0 | D:1      | inmateoo the Octopode Gladiator began the quest for the Orb.
     0 | D:1      | Reached XP level 1. HP: 14/14 MP: 1/1
   146 | D:1      | Reached XP level 2. HP: 17/19 MP: 2/2
   864 | D:2      | Reached XP level 3. HP: 3/24 MP: 3/3
  1286 | D:2      | Reached skill level 1 in Spellcasting
  1478 | D:2      | Noticed Natasha
  1488 | D:2      | Reached XP level 4. HP: 21/30 MP: 5/5
  1667 | D:2      | Killed Natasha
  1799 | D:2      | Reached skill level 4 in Polearms
  1855 | D:2      | Shot with a stone by a goblin

Action                   |  1- 3 |  4- 6 || total
-------------------------+-------+-------++-------
Melee: Trident           |    69 |    17 ||    86
  Use: Scroll            |     3 |       ||     3
 Stab: Sleeping          |     8 |     2 ||    10
  Eat: Chunk             |     2 |     1 ||     3
